 Dungeon Crawl Stone Soup version 0.20-a0-458-gbddc754 (webtiles) character file.

8866 AlphabetPasta the Covert (level 11, 0/82 HPs)
             Began as a Human Assassin on Jan 10, 2017.
             Was a Believer of Ru.
             Succumbed to a killer bee's poison
             ... on level 10 of the Dungeon.
             The game lasted 00:48:38 (11478 turns).

AlphabetPasta the Covert (Human Assassin)          Turns: 11478, Time: 00:48:39

Health: 0/82       AC:  4    Str: 11    XL:     11   Next: 63%
Magic:  14/14      EV: 16    Int: 12    God:    Ru [**....]
Gold:   123        SH:  6    Dex: 18    Spells: 10/10 levels left

rFire  . . .     SeeInvis +     a - +2 dagger (venom)
rCold  . . .     Gourm    .     u - +0 robe
rNeg   . . .     Faith    .     q - +0 buckler
rPois  .         Spirit   .     I - +0 helmet {SInv}
rElec  .         Reflect  .     d - +0 cloak
rCorr  +         Harm     .     (no gloves)
MR     .....                    r - +2 pair of boots {Stlth+}
Stlth  +++++++...               (no amulet)
                                J - ring of stealth
                                i - ring of resist corrosion

@: lethally poisoned (0 -> -11), very slightly contaminated
A: reduced AC 1, magic vulnerability 1
a: Renounce Religion


You were on level 10 of the Dungeon.
You worshipped Ru.
Ru was pleased with you.
You were hungry.

You visited 2 branches of the dungeon, and saw 11 of its levels.
You also visited: Sewer.

You collected 519 gold pieces.
You spent 396 gold pieces at shops.

Inventory:

Hand Weapons
 a - a +2 dagger of venom (weapon)
 b - a +0 blowgun
 c - a +2 dagger of holy wrath
 s - a +0 falchion
Missiles
 e - 18 poisoned needles
 f - 2 curare-tipped needles
 t - 23 tomahawks
 B - 4 tomahawks of returning (quivered)
Armour
 d - a +0 cloak (worn)
 n - a +0 shield
 q - a +0 buckler (worn)
 r - a +2 pair of boots of stealth (worn)
 u - a +0 robe (worn)
 I - a +0 helmet of see invisible (worn)
Jewellery
 i - a ring of resist corrosion (left hand)
 y - an uncursed ring of protection from cold
 z - an uncursed ring of protection from cold
 J - a ring of stealth (right hand)
 P - an uncursed ring of positive energy
Wands
 l - a wand of flame (3/48)
 Q - a wand of random effects (17/48)
Scrolls
 o - 2 scrolls of blinking
 p - 2 scrolls of magic mapping
 v - 6 scrolls of remove curse
 C - 2 scrolls of teleportation
 F - 2 scrolls of enchant weapon
 L - 4 scrolls of fog
 M - 2 scrolls of recharging
Potions
 h - a potion of might
 j - 2 potions of flight
 k - 5 potions of curing
 D - 2 potions of haste
 E - 3 potions of brilliance
 G - a potion of cure mutation
 H - 3 potions of resistance
 N - a potion of cancellation
Comestibles
 g - 5 bread rations
 m - 7 meat rations
 w - 6 chunks of flesh
 x - 3 beef jerkies
 A - 7 slices of pizza


   Skills:
 + Level 6.3 Fighting
 * Level 8.8 Short Blades
 + Level 6.4 Throwing
 + Level 5.2 Dodging
 * Level 10.1 Stealth
 + Level 5.5 Shields
 + Level 4.8 Evocations


You had 10 spell levels left.
You didn't know any spells.

Dungeon Overview and Level Annotations

Branches:
Dungeon (10/15)            Temple (1/1) D:5            Lair (0/6) D:8
    Orc (0/2) D:10

Altars:
Ashenzari
Cheibriados
Dithmenos
Elyvilon
Fedhas
Gozag
Hepliaklqana
Kikubaaqudgha
Makhleb
Nemelex Xobeh
Okawaru
Qazlal
Ru
Sif Muna
Trog
Uskayaw
Vehumet
Xom
Yredelemnul
Zin
The Shining One

Shops:
D:5 ?   D:7 [(!(   D:9 ?


Innate Abilities, Weirdness & Mutations

You take slightly more damage. (AC -3)
You are slightly vulnerable to magic. (MR-)


Message History

* * * LOW HITPOINT WARNING * * *
You feel yourself slow down.
You kill the troll!
The ogre falls through a shaft!
The shaft crumbles and collapses.
You are feeling hungry.
Things that are here:
a leather armour; a morningstar
Things that are here:
a robe; a dagger The killer bee stings you.
* * * LOW HITPOINT WARNING * * *
You are poisoned.
The killer bee poisons you! The killer bee closely misses you.
You feel sick.
The killer bee stings you but does no damage.
You feel sick. The killer bee stings you.
* * * LOW HITPOINT WARNING * * *
You are more poisoned.
The killer bee poisons you!
You die...

##.###.# ##.....## #.###
##.# #K# ##...## #.# #..#
#.# ##'## #.#### ...# #.#
#.# #..<.# #.##
#.#######.##########.# #.#
#.o.[.K...........##.#
#.####.[#####..y.##.##.##.#
........# #.....##.##.##.#
#.......# ##...@##.##.##.#
######### ##.#.##.##.##.#
###.##.......# #.#####†####
#.# #.# #.. ..# ### ###


You could see a big kobold and a killer bee.

Vanquished Creatures
  3 two-headed ogres
  An unseen horror (D:10)
  A cyclops (D:9)
  A troll (D:10)
  A hippogriff (D:9)
  3 hogs (D:8)
  A human (D:8)
  A yak (D:8)
  A hungry ghost (D:7)
  4 orc warriors
  3 sky beasts
  2 phantoms
  5 ogres
  4 centaurs
  2 big kobolds
  4 bullfrogs
  A gnoll sergeant (D:10)
  A wyvern zombie (D:9)
  3 wyvern skeletons
  2 scorpions (D:6)
  3 killer bees (D:10)
  2 electric eels
  8 howler monkeys
  2 centaur zombies
  3 crimson imps
  2 jellies
  5 hounds
  Crazy Yiuf (D:6)
  A bullfrog skeleton (D:5)
  A gnoll shaman (D:4)
  10 orc priests
  17 orc wizards
  2 centaur skeletons
  2 iguanas
  7 worker ants
  2 worker ant zombies
  13 gnolls
  10 adders
  5 river rats
  2 oozes
  3 adder skeletons
  2 worms
  A dart slug (D:3)
  A leopard gecko (D:2)
  55 orcs
  4 ball pythons
  4 giant cockroaches
  11 goblins
  15 hobgoblins
  12 jackals
  5 quokkas
  9 bats
  4 frilled lizards
  13 kobolds
  12 rats
293 creatures vanquished.

Notes
Turn   | Place    | Note
-------+----------+-------------------------------------------
     0 | D:1      | AlphabetPasta the Human Assassin began the quest for the Orb.
     0 | D:1      | Reached XP level 1. HP: 16/16 MP: 1/1
   113 | D:1      | Reached XP level 2. HP: 11/22 MP: 2/2
   426 | D:1      | Reached XP level 3. HP: 28/28 MP: 3/3
   654 | D:2      | Reached XP level 4. HP: 28/34 MP: 4/4
  1315 | D:3      | Found a shimmering altar of Xom.
  1340 | D:3      | Found a white marble altar of Elyvilon.
  1343 | D:3      | Found a basalt altar of Yredelemnul.
  1345 | D:3      | Found a blossoming altar of Fedhas.
  1369 | D:3      | Reached XP level 5. HP: 25/39 MP: 5/5
  1488 | D:3      | Reached skill level 5 in Stealth
  2112 | D:4      | Noticed an ogre
  2114 | D:4      | Noticed a sky beast
  2139 | D:4      | Killed an ogre
  2139 | D:4      | Reached skill level 1 in Shields
  2139 | D:4      | Reached XP level 6. HP: 10/47 MP: 6/6
  2403 | D:4      | Killed a sky beast
  2500 | D:4      | Reached XP level 7. HP: 40/52 MP: 7/7
  2850 | D:4      | Found a burning altar of Makhleb.
  3228 | D:5      | Entered Level 5 of the Dungeon
  3404 | D:4      | Reached skill level 6 in Stealth
  3724 | D:5      | Reached XP level 8. HP: 42/58 MP: 8/8
  3831 | D:5      | Found Lehaofeg's Magic Scroll Emporium.
  3850 | D:5      | Bought a scroll of identify for 28 gold pieces
  3850 | D:5      | Bought a scroll of identify for 28 gold pieces
  3850 | D:5      | Bought a scroll of identify for 28 gold pieces
  3876 | D:5      | Reached skill level 5 in Short Blades
  4075 | D:5      | Found a staircase to the Ecumenical Temple.
  4084 | Temple   | Entered the Ecumenical Temple
  4092 | Temple   | Became a worshipper of Ru the Awakened
  4425 | D:6      | Found a glowing drain.
  4561 | Sewer    | Entered a sewer
  4831 | Sewer    | Found a glowing silver altar of Zin.
  4923 | D:6      | Reached skill level 7 in Stealth
  4960 | D:6      | Reached skill level 1 in Evocations
  5017 | D:6      | Found a runed door.
  5021 | D:6      | Noticed Crazy Yiuf
  5025 | D:6      | Killed Crazy Yiuf
  5198 | D:6      | Reached XP level 9. HP: 64/65 MP: 9/9
  5227 | D:6      | Gained mutation: You take slightly more damage. (AC -3) [Ru sacrifice]
  5227 | D:6      | Reached * piety under Ru
  5756 | D:7      | Found Loelorr's Antique Weapon Boutique.
  5787 | D:7      | Found Hocobi Ciwne's Distillery.
  5816 | D:7      | Found Haduxiah's Armour Boutique.
  5839 | D:7      | Bought a +0 helmet of see invisible for 126 gold pieces
  5853 | D:7      | Found Fiottah's Antique Weapon Shoppe.
  6235 | D:7      | Noticed a two-headed ogre
  6237 | D:7      | Killed a two-headed ogre
  6237 | D:7      | Reached skill level 8 in Stealth
  6237 | D:7      | Reached XP level 10. HP: 71/73 MP: 10/12
  6319 | D:7      | Reached skill level 5 in Fighting
  6921 | D:7      | Bought a potion of resistance for 130 gold pieces
  6981 | D:7      | Reached skill level 5 in Throwing
  7365 | D:8      | Found a staircase to the Lair.
  7372 | D:8      | Noticed a two-headed ogre
  7419 | D:8      | Killed a two-headed ogre
  7955 | D:8      | Reached skill level 9 in Stealth
  8078 | D:8      | Found a sparkling altar of Nemelex Xobeh.
  8078 | D:8      | Found an ancient bone altar of Kikubaaqudgha.
  8102 | D:8      | Gained mutation: You are slightly vulnerable to magic. (MR-) [Ru sacrifice]
  8102 | D:8      | Reached ** piety under Ru
  8867 | D:9      | Noticed a cyclops
  8881 | D:9      | Killed a cyclops
  8881 | D:9      | Reached skill level 5 in Shields
  8881 | D:9      | Reached XP level 11. HP: 81/81 MP: 14/14
  9568 | D:9      | Found Giej's Magic Scroll Boutique.
  9791 | D:9      | Bought a scroll of identify for 28 gold pieces
  9791 | D:9      | Bought a scroll of identify for 28 gold pieces
  9941 | D:9      | Reached skill level 5 in Dodging
 10629 | D:10     | Entered Level 10 of the Dungeon
 10641 | D:10     | Noticed an unseen horror
 10645 | D:10     | Killed an unseen horror
 11240 | D:10     | Noticed a two-headed ogre
 11316 | D:10     | Killed a two-headed ogre
 11316 | D:10     | Reached skill level 10 in Stealth
 11348 | D:10     | Found a staircase to the Orcish Mines.
 11477 | D:10     | HP: 1/82 [killer bee (6)]
 11478 | D:10     | Succumbed to a killer bee's poison

Vault maps used:
D:1:      dpeg_arrival_rhombi, st_stairs_8
D:2:      serial_bayou_crossing
D:3:      old_standard_altar, grunt_temple_overflow_open
D:4:      lemuel_round_altar
D:5:      serial_shops, shop_scrolls, first_bread
D:6:      portal_sewer_entry_c, grunt_ministairs_1, uniq_crazy_yiuf_cottage
D:7:      corexii_shantytown, serial_shops, nicolae_shop_overgrown_old_shop,
          shop, kennysheep_mini_moat, shop_statue, nrook_pool_corridor
D:8:      gammafunk_temple_overflow_wave, lair_entry_dummy, grunt_livestock
D:9:      serial_shops, shop, lightli_minifort
D:10:     kennysheep_orc_monster_closet_entryway, grunt_ministairs_3,
          kennysheep_flooded_box
Temple:   eino_narrow_crystal_temple
Sewer:    sewer_kobolds

Skill      XL: |  1  2  3  4  5  6  7  8  9 10 11 |
---------------+----------------------------------+-----
Short Blades   | 3 4 5 6 8 |  8.8
Stealth        | 5 6 7 8 9 10 | 10.1
Fighting       | 3 4 5 6 |  6.3
Shields        | 1 2 3 4 5 |  5.5
Dodging        | 2 3 4 5 |  5.2
Throwing       | 3 4 5 6 |  6.4
Evocations     | 1 3 4 |  4.8

Action                   |  1- 3 |  4- 6 |  7- 9 | 10-12 || total
-------------------------+-------+-------+-------+-------++-------
Melee: Dagger            |    77 |   142 |   472 |   556 ||  1247
Invok: Sacrifice Health  |       |       |     1 |       ||     1
       Sacrifice Essence |       |       |       |     1 ||     1
Evoke: Wand              |       |       |     2 |     6 ||     8
  Use: Scroll            |     6 |     5 |     9 |     5 ||    25
       Potion            |       |     1 |     5 |     6 ||    12
 Stab: Sleeping          |     5 |    16 |    26 |    28 ||    75
       Distracted        |     1 |       |     2 |     2 ||     5
  Eat: Chunk             |       |     5 |     9 |     8 ||    22
       Pizza             |       |       |     1 |     1 ||     2
       Fruit             |       |       |     3 |     6 ||     9
       Royal jelly       |       |       |       |     1 ||     1
Armor: Robe              |    35 |    42 |    71 |    31 ||   179
Dodge: Dodged            |    22 |    40 |   170 |   202 ||   434
Block: Shield            |    21 |    36 |    99 |       ||   156
       Buckler           |       |       |    26 |    56 ||    82
